 Dungeon Crawl Stone Soup version 0.25-a0-156-g0c4bda3fdf (webtiles) character file.

Game seed: 9993355191436461386, levelgen mode: deterministic

357 Leeroy the Slasher (level 6, 0/48 HPs)
             Began as a Draconian Skald on Nov 20, 2019.
             Slain by a gnoll
             ... wielding a +0 whip
              (2 damage)
             ... on level 5 of the Dungeon.
             The game lasted 00:08:08 (2632 turns).

Leeroy the Slasher (Draconian Skald)                Turns: 2632, Time: 00:08:08

Health: 0/48       AC:  8    Str: 13    XL:     6   Next: 37%
Magic:  9/9        EV: 12    Int: 13    God:
Gold:   164        SH:  0    Dex: 13    Spells: 5/9 levels left

rFire    . . .     SeeInvis .   a - +0 falchion
rCold    . . .     Gourm    .   (no shield)
rNeg     . . .     Faith    .   (armour unavailable)
rPois    .         Spirit   .   (helmet restricted)
rElec    .         Reflect  .   (no cloak)
rCorr    .         Harm     .   n - +0 pair of gloves
MR       .....                  j - +0 pair of boots
Stlth    +.........             (no amulet)
HPRegen  0.16/turn              (no ring)
MPRegen  0.11/turn              (no ring)

@: glowing
A: unfitting armour, cold-blooded, AC +6
a: no special abilities


You were on level 5 of the Dungeon.
You were hungry.

You visited 1 branch of the dungeon, and saw 5 of its levels.

You collected 164 gold pieces.

Inventory:

Hand Weapons
 a - a +0 falchion (weapon)
 e - a +0 dagger
 q - a +0 spear
 r - a +2 flail of holy wrath
Missiles
 k - 38 poisoned darts (quivered)
 o - a throwing net
Armour
 j - a +0 pair of boots (worn)
 n - a +0 pair of gloves (worn)
Scrolls
 b - 3 scrolls of identify {unknown}
 f - a scroll of teleportation {unknown}
 g - a scroll of amnesia {unknown}
 h - a scroll of blinking {unknown}
 p - a scroll of remove curse {unknown}
Potions
 d - a potion of cancellation {unknown}
 i - a potion of brilliance {unknown}
 l - 2 potions of mutation {unknown}
 m - 2 potions of heal wounds
 s - a potion of ambrosia {unknown}
Comestibles
 c - 5 rations


   Skills:
 - Level 2.1 Fighting
 + Level 6.6 Long Blades
 - Level 2.1 Dodging
 - Level 2.0 Spellcasting
 - Level 0.1 Hexes
 - Level 3.0 Charms


You had 5 spell levels left.
You knew the following spells:

 Your Spells              Type           Power        Failure   Level  Hunger
a - Infusion              Chrm           #...         8%          1    ##.....
b - Spectral Weapon       Hex/Chrm       #.......     36%         3    ####...

Your spell library contained the following spells:

 Spells                   Type           Power        Failure   Level  Hunger
 Song of Slaying          Chrm           #.......     11%         2    ###....
 Shroud of Golubria       Chrm/Tloc      #.....       21%         2    ###....
 Regeneration             Chrm/Necr      #.........   38%         3    ####...


Dungeon Overview and Level Annotations

Branches:
Dungeon (6/15)
 Temple: D:4-7

Altars:
Elyvilon
Ru
Wu Jian

Annotations:
D:6 3 runed translucent doors, mcbry's ghost, novice MfGl


Innate Abilities, Weirdness & Mutations

Your plain brown scales are hard. (AC +6)
You cannot fit into any form of body armour.
You are cold-blooded and may be slowed by cold attacks.


Message History

Something shocks you.
* * * LOW HITPOINT WARNING * * *
You climb downwards.
Level annotation: 3 runed translucent doors, mcbry's ghost, novice MfGl Reactivating autopickup.
The orc warrior shouts!
There is a stone staircase leading up here.
Level annotation: 3 runed translucent doors, mcbry's ghost, novice MfGl Welcome back, Leeroy the Draconian Skald.
Press ? for a list of commands and other information.
The orc warrior hits you from afar with a +0 trident.
* * * LOW HITPOINT WARNING * * *
Something hits you but does no damage.
Deactivating autopickup; reactivate with Ctrl-A.
You climb upwards.
Reactivating autopickup.
The gnoll hits you with a +0 whip.
* * * LOW HITPOINT WARNING * * *
The gnoll misses you. The gnoll hits you with a +0 whip.
You die...

#####..# ##.# .#.#
########
....#..######.##.#.#
#.#.#............#.#
._..'.........g#.#.#
#.#.#####....g.#.#.#
....#.....#....#.#.#
#####........#...#.#
#######..#...#.#
....#.g@..#
#.###.#.#g### #
#.#[#.#
..#.#.################
....#.................
######################
. # #


You could see a gnoll shaman and 3 gnolls.

Vanquished Creatures
  A centaur (D:6)
  A bullfrog (D:6)
  A scorpion (D:6)
  A crimson imp (D:6)
  4 gnolls (D:3)
  3 adders
  A worm (D:2)
  2 dart slugs (D:1)
  A leopard gecko (D:1)
  4 orcs
  6 giant cockroaches
  6 goblins
  8 hobgoblins
  7 jackals
  2 quokkas
  A ball python (D:1)
  7 bats
  2 frilled lizards
  7 kobolds
  A leopard gecko skeleton (D:5)
  A quokka zombie (D:5)
  6 rats
73 creatures vanquished.

Vanquished Creatures (others)
  A spectral weapon (D:5)
1 creature vanquished.

Grand Total: 74 creatures vanquished

Notes
Turn   | Place    | Note
-------+----------+-------------------------------------------
     0 | D:1      | Leeroy the Draconian Skald began the quest for the Orb.
     0 | D:1      | Reached XP level 1. HP: 17/17 MP: 3/3
    94 | D:1      | Reached XP level 2. HP: 13/24 MP: 5/5
   233 | D:1      | Reached skill level 3 in Long Blades
   577 | D:1      | Reached XP level 3. HP: 29/29 MP: 6/6
  1175 | D:2      | Learned a level 3 spell: Spectral Weapon
  1182 | D:2      | Reached skill level 4 in Long Blades
  1182 | D:2      | Reached XP level 4. HP: 36/36 MP: 7/7
  1192 | D:2      | Found an ornate altar of the Wu Jian Council.
  1595 | D:3      | You fall into a shaft and drop 3 floors!
  1598 | D:6      | Found a runed translucent gate.
  1602 | D:6      | Found a runed translucent gate.
  1603 | D:6      | Found a runed translucent gate.
  1612 | D:6      | Noticed an ice beast
  1630 | D:6      | Noticed mcbry's ghost (novice MfGl)
  1632 | D:6      | Noticed a bullfrog
  1636 | D:6      | Noticed a centaur
  1642 | D:6      | Killed a bullfrog
  1642 | D:6      | Reached skill level 5 in Long Blades
  1642 | D:6      | Reached XP level 5. HP: 25/41 MP: 8/8
  1652 | D:6      | Killed a centaur
  1652 | D:6      | Reached skill level 6 in Long Blades
  1652 | D:6      | Reached XP level 6. HP: 36/48 MP: 3/9
  2109 | D:6      | Noticed an orc warrior
  2150 | D:5      | Entered Level 5 of the Dungeon
  2189 | D:5      | Found a white marble altar of Elyvilon.
  2361 | D:5      | Found a sacrificial altar of Ru.
  2563 | D:5      | Noticed a sky beast
  2632 | D:5      | HP: 2/48 [gnoll/+0 whip (5)]
  2632 | D:5      | Slain by a gnoll

Levels and vault maps discovered:
D:1:      dpeg_arrival_rooms_b, layout_loops_cross, nrook_uturn,
          chequers_mini_garden
D:2:      minmay_angry_zag, layout_basic, nicolae_overflow_crystal_walls,
          first_ration, guppyfry_early_orc_mine
D:3:      layout_rooms, serial_rivers, chequers_serial_rivers_room_b,
          chequers_serial_rivers_small_a, chequers_serial_rivers_micro_e,
          chequers_serial_rivers_small_3, uniq_sigmund
D:5:      layout_basic, kennysheep_little_box, overflow_temple_1_default
D:6:      layout_basic, gammafunk_ghost_icy, minmay_joined_circles

Skill      XL: |  1  2  3  4  5 |
---------------+----------------+-----
Long Blades    | 3 4 5 6 |  6.6
Charms         | 3 |  3.0
Fighting       | |  2.1
Dodging        | |  2.1
Spellcasting   | |  2.0
Hexes          | |  0.1

Action                   |  1- 3 |  4- 6 || total
-------------------------+-------+-------++-------
Melee: Falchion          |   149 |   110 ||   259
       Tailslap          |    24 |    11 ||    35
Throw: Dart              |       |    12 ||    12
 Cast: Infusion          |       |     3 ||     3
       Spectral Weapon   |       |     2 ||     2
  Use: Potion            |       |     1 ||     1
  Eat: Chunk             |     1 |     5 ||     6
Armor: Skin              |    62 |    42 ||   104
Dodge: Dodged            |   137 |    85 ||   222
       Rpst.: Falchion   |    46 |    27 ||    73

Table legend:
 A = Non-vault XP
 B = Vault XP
 C = Vault XP percentage of total XP
 D = Non-vault monster count
 E = Vault monster count
 F = Vault count percentage of total count
                 A         B        C        D         E       F
            +---------+---------+-------+---------+---------+-------
      Total |     480 |      31 |   6.1 |      59 |      14 |  19.2
            +---------+---------+-------+---------+---------+-------
        D:1 |      43 |       0 |   0.0 |      24 |       0 |   0.0
        D:2 |      31 |      29 |  48.3 |      11 |      13 |  54.2
        D:3 |      80 |       0 |   0.0 |      12 |       0 |   0.0
        D:5 |      13 |       2 |  13.3 |       7 |       1 |  12.5
        D:6 |     313 |       0 |   0.0 |       5 |       0 |   0.0
            +---------+---------+-------+---------+---------+-------
